 Dungeon Crawl Stone Soup version 0.30-a0-591-g3c58d2bc28 (webtiles) character file.

Game seed: 13029465493107468722

111 Darkkill the Shooter (level 4, -1/38 HPs)
             Began as a Minotaur Hunter on Jan 5, 2023.
             Was an Initiate of Gozag.
             Slain by an orc priest
             ... wielding a +0 dagger
              (2 damage)
             ... on level 4 of the Dungeon.
             The game lasted 00:02:03 (1680 turns).

Darkkill the Shooter (Minotaur Hunter)              Turns: 1680, Time: 00:02:04

Health: -1/38      AC:  4    Str: 16    XL:     4   Next: 62%
Magic:  3/3        EV: 12    Int:  6    God:    Gozag
Gold:   288        SH:  0    Dex: 15    Spells: 3/3 levels left

rFire   . . .      SeeInvis .    a - +3 shortbow (drain)
rCold   . . .      Faith    .    (shield currently unavailable)
rNeg    . . .      Spirit   .    c - +0 leather armour
rPois   .          Reflect  .    (helmet restricted)
rElec   .          Harm     .    (no cloak)
rCorr   .          Rampage  .    f - +0 pair of gloves
Will    .....                    (no boots)
Stlth   ++                       (no amulet)
HPRegen 0.26/turn                (no ring)
MPRegen 0.08/turn                (no ring)

@: gold aura
A: horns 2, retaliatory headbutt
a: Renounce Religion, Potion Petition, Call Merchant, Bribe Branch


You were on level 4 of the Dungeon.
You worshipped Gozag.
Gozag was aware of your devotion.
You visited 1 branch of the dungeon, and saw 4 of its levels.

You collected 322 gold pieces.
You paid 34 gold pieces to Gozag.

Inventory:

Hand Weapons
 a - a +3 shortbow of draining (weapon)
Missiles
 d - 4 javelins
 e - 31 stones
Armour
 c - a +0 leather armour (worn)
 f - a +0 pair of gloves (worn)
Scrolls
 b - 2 scrolls of immolation
 i - 2 scrolls of teleportation
Potions
 g - 2 potions of resistance
 h - 2 potions of mutation
 j - 2 potions of flight {unknown}
 k - 3 potions of might
 l - a potion of cancellation {unknown}
 m - 2 potions of lignification {unknown}
 n - a potion of ambrosia {unknown}
 o - a potion of invisibility {unknown}
 p - a potion of brilliance {unknown}


   Skills:
 + Level 3.5 Fighting
 + Level 5.0 Ranged Weapons
 + Level 3.2 Dodging
 + Level 2.1 Stealth


You had 3 spell levels left.
You didn't know any spells.
Your spell library contained the following spells:

 Spells                   Type           Power      Damage    Failure   Level
 Kiss of Death            Conj/Necr      0%         2d5       52%         1
 Summon Small Mammal      Summ           0%         N/A       52%         1
 Call Canine Familiar     Summ           0%         N/A       88%         3
 Confusing Touch          Hex            0%         N/A       88%         3
 Portal Projectile        Hex/Tloc       0%         N/A       88%         3
 Summon Guardian Golem    Hex/Summ       0%         N/A       88%         3
 Dispel Undead            Necr           0%         3d6       99%         4
 Leda's Liquefaction      Hex/Erth       0%         N/A       99%         4
 Summon Forest            Summ/Tloc      0%         N/A       100%        5
 Summon Mana Viper        Hex/Summ       0%         N/A       100%        5
 Eringya's Noxious Bog    Tmut/Pois      0%         N/A       100%        6
 Summon Cactus Giant      Summ           0%         N/A       100%        6
 Summon Hydra             Summ           0%         N/A       100%        7
 Chain Lightning          Conj/Air       0%         N/A       100%        9
 Fire Storm               Conj/Fire      0%         5d1       100%        9
 Shatter                  Erth           0%         3d5*      100%        9


Dungeon Overview and Level Annotations

Branches:
Dungeon (4/15)
 Temple: D:4-7

Altars:
Gozag

Shops:
D:1 (


Innate Abilities, Weirdness & Mutations

You have a pair of horns on your head.
You reflexively headbutt those who attack you in melee.


Message History

You shoot an arrow. The arrow hits the orc priest.
You drain the orc priest.
The orc priest is heavily wounded.
An orc priest is nearby!
You shoot an arrow. The arrow hits the orc priest!
You kill the orc priest!
An orc comes into view.
It is wielding a +2 short sword of electrocution.
The orc moves out of view.
Your Ranged Weapons skill increases to level 5!
Your Stealth skill increases to level 2!
An orc priest and an orc come into view.
The orc priest moves out of view.
You shoot an arrow. The orc shouts!
The arrow hits the orc.
You drain the orc.
The orc is almost dead.
You hear a shout!
An orc wizard comes into view. It is wielding a +0 dagger.
There are monsters nearby!
You shoot an arrow. The orc wizard shouts!
The orc priest shouts!
The arrow hits the orc.
You kill the orc!
The orc wizard gestures at you while chanting.
You are confused.
There are monsters nearby!
You shoot an arrow.
There are monsters nearby!
You shoot an arrow.
The orc priest invokes the aid of Beogh against you.
Beogh smites you!
The orc priest mumbles some strange prayers to Beogh against you.
Beogh smites you!
You shoot an arrow. The arrow hits the orc.
You drain the orc.
The orc is severely wounded.
The orc wizard points at you and mumbles some strange words.
The puff of flame misses you.
The orc is distracted by your dazzling golden aura.
The orc shouts!
There are monsters nearby!
You shoot an arrow.
The orc priest calls upon Beogh to heal the orc.
The orc's wounds heal themselves!
The orc wizard casts a spell at you. The puff of flame hits you.
* * * LOW HITPOINT WARNING * * *
You shoot an arrow.
The orc wizard gestures wildly while chanting.
The orc wizard flickers and vanishes!
Deactivating autopickup; reactivate with Ctrl-A.
The orc priest calls down the wrath of Beogh upon you.
Beogh smites you!
* * * LOW HITPOINT WARNING * * *
Unknown command.
Non-targeted confused fire: a) +3 shortbow (drain)
Press: ? - help, Q - select action, (/) - cycle Dir - look around, f - activate You shoot an arrow.
You feel less confused.
The orc is no longer distracted by gold.
Fire: a) +3 shortbow (drain)
Press: ? - help, Q - select action, (/) - cycle Shift-Dir - straight line, f - orc priest
Aim: an orc priest, wielding a +0 dagger (65% to hit)
You shoot an arrow. The arrow hits the orc priest.
You drain the orc priest.
The orc priest is moderately wounded.
Fire: a) +3 shortbow (drain)
Press: ? - help, Q - select action, (/) - cycle Shift-Dir - straight line, f/p - orc priest
Aim: an orc priest, wielding a +0 dagger (moderately wounded, heavily drained, 65% to hit)
You shoot an arrow. The arrow hits the orc.
The orc is lightly wounded.
Fire: a) +3 shortbow (drain)
Press: ? - help, Q - select action, (/) - cycle Shift-Dir - straight line, f/p - orc priest
Aim: an orc priest, wielding a +0 dagger (moderately wounded, heavily drained, 65% to hit)
You shoot an arrow. The arrow hits the orc.
The orc is heavily wounded.
The orc priest looks satisfied for a moment.
Fire: a) +3 shortbow (drain)
Press: ? - help, Q - select action, (/) - cycle Shift-Dir - straight line, f/p - orc priest
Aim: an orc priest, wielding a +0 dagger (moderately wounded, heavily drained, 65% to hit)
You shoot an arrow. The arrow barely misses the orc.
The arrow barely misses the orc priest.
Something hits you.
* * * LOW HITPOINT WARNING * * *
The orc barely misses you. You furiously retaliate!
You headbutt the orc!
You kill the orc!
Fire: a) +3 shortbow (drain)
Press: ? - help, Q - select action, (/) - cycle Shift-Dir - straight line, f/p - orc priest
Aim: an orc priest, wielding a +0 dagger (moderately wounded, heavily drained, 65% to hit)
You shoot an arrow. Something hits you.
* * * LOW HITPOINT WARNING * * *
Fire: a) +3 shortbow (drain)
Press: ? - help, Q - select action, (/) - cycle Shift-Dir - straight line, f/p - orc priest
Aim: an orc priest, wielding a +0 dagger (moderately wounded, heavily drained, 65% to hit)
You shoot an arrow.
The arrow closely misses the orc priest.
Something hits you but does no damage.
The orc priest looks encouraged for a moment.
Something hits you but does no damage.
The orc priest hits you with a +0 dagger.
You die...
Your body crumbles into a pile of gold.

..........+ ..........#
..........# ..........#
..........# ..........#
..........#########+####
##'######........$......
........#.......@...$$..
........#........o......
........#...............
##......#...............
##......########+#####..
##......# . ........#
........# ####'####


You could see an orc priest (very drained).

Vanquished Creatures
  An orc priest (D:4)
  An adder (D:3)
  A worm (D:2)
  3 dart slugs
  2 orcs (D:4)
  7 endoplasms
  4 giant cockroaches
  7 goblins
  6 hobgoblins
  4 kobolds (D:1)
  4 quokkas
  A ball python (D:1)
  5 bats
  3 frilled lizards
  7 rats
56 creatures vanquished.

Notes
Turn   | Place    | Note
-------+----------+-------------------------------------------
     0 | D:1      | Darkkill the Minotaur Hunter began the quest for the Orb.
     0 | D:1      | Reached XP level 1. HP: 18/18 MP: 0/0
    53 | D:1      | Found a faded altar of an unknown god.
    62 | D:1      | Reached skill level 1 in Stealth
    65 | D:1      | Found Tusmocr Fomu's Weapon Shoppe.
   155 | D:1      | Reached XP level 2. HP: 25/25 MP: 1/1
   485 | D:1      | Reached XP level 3. HP: 25/31 MP: 2/2
   605 | D:2      | Found an opulent altar of Gozag.
   661 | D:2      | Became a worshipper of Gozag Ym Sagoz the Greedy
  1132 | D:3      | Reached XP level 4. HP: 28/38 MP: 3/3
  1666 | D:4      | Reached skill level 5 in Ranged Weapons
  1673 | D:4      | HP: 2/38 [orc priest/divine providence (7)]
  1678 | D:4      | HP: 1/38 [something (3)]
  1680 | D:4      | Slain by an orc priest

Illustrated notes

Levels and vault maps discovered:
D:1:      spicycebolla_green_bress_n_ham_2, layout_basic,
          basic_ecumenical_altar, serial_shops,
          nicolae_shop_bloodbath_and_beyond
D:2:      layout_rooms, basic_altar, minmay_misc_feat_x
D:3:      layout_rooms
D:4:      layout_gridville

Skill      XL: |  1  2  3  4 |
---------------+-------------+-----
Stealth        | 1 2 |  2.1
Fighting       | 3 |  3.5
Dodging        | 3 |  3.2
Ranged Weapons | 5 |  5.0

Action                   |  1- 3 |  4- 6 || total
-------------------------+-------+-------++-------
 Fire: Shortbow          |   113 |    24 ||   137
  Use: Scroll            |    10 |     1 ||    11
Armor: Leather armour    |    11 |     2 ||    13
Dodge: Dodged            |    15 |     2 ||    17

Table legend: (Time is in decaauts)
 A = Elapsed time spent in this place.
 B = Non-inter-level travel time spent in this place.
 C = Inter-level travel time spent in this place.
 D = Time resting spent in this place.
 E = Time spent auto-exploring this place.
 F = Levels seen in this place.
 G = Mean time per level.
                   A        B        C        D        E       F      G
               +--------+--------+--------+--------+--------+-----+--------+
         Total |   1722 |   1636 |     86 |      0 |   1297 |   4 |  430.5 |
       Dungeon |   1722 |   1636 |     86 |      0 |   1297 |   4 |  430.5 |
               +--------+--------+--------+--------+--------+-----+--------+

Top non-repeatable levels by time:
     D:3: 605 daAuts
     D:1: 593 daAuts
     D:2: 409 daAuts
     D:4: 114 daAuts

Table legend:
 A = Kills in this place as a percentage of kills in entire the game.
 B = Kills by you in this place as a percentage of kills by you in the entire game.
 C = Kills by friends in this place as a percentage of kills by friends in the entire game.
 D = Other kills in this place as a percentage of other kills in the entire game.
 E = Experience gained in this place as a percentage of experience gained in the entire game.
 F = Experience gained in this place divided by the number of levels of this place that you have seen.
                   A       B       C       D       E      F
               +-------+-------+-------+-------+-------+----------------------
         Total | 100.0 | 100.0 |   N/A |   N/A | 100.0 |  39.8
       Dungeon | 100.0 | 100.0 |   N/A |   N/A | 100.0 |  39.8
               +-------+-------+-------+-------+-------+----------------------
